AoeStats
← Xtreme | ticohzao

Arena

510196880Analyzed
4v4 RM · 3d ago on Sep 29, 2026· 19m 19s· 8 players
Game mode
Random Map
Map size
Large (8 player)
Population
200
Speed
Normal
Resources
Standard
Victory
Conquest
Starting age
Dark Age
Ending age
Imperial Age
RankedLock teamsTeams togetherTeam positionsShared explorationLock speedFull tech treeHidden civsTurbo modeCheats
Victory
Defeat
🇧🇷 Persians · Brazil
1427
+10
🇧🇪 Italians · Belgium
1266
+18
🇧🇷 Turks · Brazil
1257
+17
🇧🇪 Varangians · Belgium
1255
+17
🇹🇷 Turks · Türkiye
1342
-17
🇲🇽 Jurchens · Mexico
1291
-16
🇺🇸 Ethiopians · United States
1269
-15
🇹🇷 Goths · Türkiye
1256
-14
Shell
11:04 Feudal Age
14:28 Castle Age
12:32 Double-Bit Axe
12:58 Horse Collar
[GDL] ColimoteStudioS
11:10 Feudal Age
14:57 Castle Age
13:33 Double-Bit Axe
13:36 Horse Collar
16:19 Bow Saw
18:44 Heavy Plow
Hekimoglu
9:48 Feudal Age
11:31 Loom
14:48 Castle Age
13:34 Double-Bit Axe
13:42 Stone Mining
EşrefÇift
10:10 Feudal Age
14:23 Castle Age
15:24 Double-Bit Axe
15:22 Horse Collar
15:47 Loom
NEH
11:27 Feudal Age
15:15 Castle Age
13:08 Double-Bit Axe
13:04 Horse Collar
16:02 Fletching
19:42 Bow Saw
ZAGOR
8:54 Loom
10:39 Feudal Age
15:17 Castle Age
13:43 Fletching
13:51 Double-Bit Axe
14:17 Horse Collar
16:06 Bodkin Arrow
Xtreme | ticohzao
10:02 Feudal Age
14:58 Castle Age
13:15 Double-Bit Axe
16:56 Horse Collar
18:27 Bow Saw
18:59 Loom
Thiago89FJ
10:20 Feudal Age
16:35 Castle Age
Connection lost

Rejoining the realm…

Still unreachable

The connection could not be restored.

Session expired

The server has moved on; the page needs a fresh start.